 Dungeon Crawl Stone Soup version 0.19.3-4-gbf9329e (webtiles) character file.

0 Gargoyl the Skirmisher (level 1, 0/18 (19) HPs)
             Began as a Ghoul Abyssal Knight on Jan 26, 2017.
             Was a Follower of Lugonu.
             Slain by an ufetubus (2 damage)
             ... summoned by a ynoxinul
             ... on level 5 of the Abyss.
             The game lasted 00:00:56 (184 turns).

Gargoyl the Skirmisher (Ghoul Abyssal Knight)        Turns: 184, Time: 00:00:56

HP:   0/18 (19)     AC:  3    Str: 15    XL:     1   Next: 0%
MP:   1/1           EV: 11    Int:  7    God:    Lugonu [*.....]
Gold: 24            SH:  0    Dex:  8    Spells: 0 memorised, 0 levels left

rFire  . . .     SeeInvis .     a - +1 hand axe
rCold  + . .     Gourm    .     b - +0 leather armour
rNeg   + + +     Faith    .     (no shield)
rPois  ∞         Spirit   .     (no helmet)
rElec  .         Reflect  .     (no cloak)
rCorr  .         Harm     .     (no gloves)
MR     .....                    (no boots)
Stlth  ..........               (no amulet)
                                (no ring)
                                (no ring)

@: confused, rotting
A: rotting body, claws 1, carnivore 3, cold resistance 1, negative energy
resistance 3, slow regeneration 1, torment resistance, unbreathing
a: Depart the Abyss, Renounce Religion


You were on level 5 of the Abyss.
You worshipped Lugonu.
Lugonu was aware of your devotion.
You were not hungry.

You visited 0 branches of the dungeon, and saw 0 of its levels.
You visited the Abyss 1 time.

You collected 24 gold pieces.

Inventory:

Hand Weapons
 a - a +1 hand axe (weapon)
Armour
 b - a +0 leather armour (worn)
Scrolls
 e - a scroll of identify
Potions
 d - a potion of berserk rage {unknown}
 f - a potion of haste {unknown}
Books
 g - a book of Dreams

   Spells                             Type                      Level
   a - Ensorcelled Hibernation        Hexes/Ice                    2
   b - Silence                        Hexes/Air                    5
   c - Darkness                       Hexes                        6
   d - Shadow Creatures               Summoning                    6
Comestibles
 c - a meat ration


   Skills:
 + Level 3.2 Fighting
 + Level 1.7 Axes
 + Level 1.7 Armour
 + Level 0.8 Dodging
 + Level 2.0 Invocations


You couldn't memorise any spells.
You didn't know any spells.

Dungeon Overview and Level Annotations

Branches:
Dungeon (0/15)

Altars:


Innate Abilities, Weirdness & Mutations

Your body is rotting away.
You thrive on raw meat.
You are immune to poison.
You have sharp fingernails.
You are carnivorous and can eat meat at any time.
Your flesh is cold resistant. (rC+)
You are immune to negative energy. (rN+++)
You regenerate slowly when monsters are visible.
You are immune to unholy pain and torment.
You can survive without breathing.


Message History

The ufetubus hits you but does no damage.
The ufetubus barely misses you.
The ufetubus hits you but does no damage.
A starcursed mass comes into view.
You nearly stumble into some deep water!
The golden eye turns its gaze towards you.
The ufetubus splashes around in the water. x2
The ufetubus hits you but does no damage.
The ufetubus misses you. The golden eye blinks at you.
You are more confused.
The golden eye blinks at you. The ufetubus hits you.
* * * LOW HITPOINT WARNING * * *
The ufetubus closely misses you. The golden eye blinks at you.
A starcursed mass splits.
The golden eye blinks!
The ufetubus hits you but does no damage.
The ufetubus closely misses you. The ufetubus hits you.
You die...

... .#.##. # ≈≈≈≈§
......##.X## .≈≈≈§
..#....##X.# §§§≈≈§
.#.#..#.#..###≈§≈§Y
............≈G≈ §≈
.......G...≈..§§##
......5.§......≈≈#
.....G53G...#≈..§≈
.....GG@≈.....≈..≈≈
≈.##.X5§5≈##...≈..
..≈≈≈♣5#t≈≈≈.###≈..
..≈...≈.≈≈≈..# ..
≈≈.≈≈♣≈♣≈≈≈...# .
..##♣.##..##.... .
#.. #..# .... ...
.... ..# .. .... ##


You could see 2 starcursed masses, an apocalypse crab, a large abomination, a
ynoxinul, 6 golden eyes and 5 ufetubi.

Vanquished Creatures (others)
  A lurking horror (Abyss:5)
1 creature vanquished.

Notes
Turn   | Place    | Note
-------+----------+-------------------------------------------
     0 | Abyss:1  | Gargoyl the Ghoul Abyssal Knight began the quest for the Orb.
     0 | Abyss:1  | Reached XP level 1. HP: 19/19 MP: 1/1
    52 | Abyss:1  | Noticed a wolf spider simulacrum
   148 | Abyss:5  | Entered Level 5 of the Abyss
   155 | Abyss:5  | Noticed a dire elephant
   156 | Abyss:5  | Noticed an elephant
   156 | Abyss:5  | Noticed a golden eye
   156 | Abyss:5  | Noticed a golden eye
   156 | Abyss:5  | Noticed a golden eye
   157 | Abyss:5  | Noticed a golden eye
   157 | Abyss:5  | Noticed a golden eye
   161 | Abyss:5  | Noticed a golden eye
   178 | Abyss:5  | Noticed a ynoxinul
   179 | Abyss:5  | Noticed an apocalypse crab
   181 | Abyss:5  | Noticed a large abomination
   184 | Abyss:5  | Noticed a starcursed mass
   184 | Abyss:5  | Slain by an ufetubus

Action                   || total
-------------------------++-------
Melee: Hand axe          ||    12
  Use: Scroll            ||     2
Armor: Leather armour    ||     8
Dodge: Dodged            ||    18
